 Dungeon Crawl Stone Soup version 0.23.2-40-g277498a001 (webtiles) character file.

Game seed: 17110117451282580284

69966 Dexcius the Severer (level 14, -38/198 HPs)
             Began as a Minotaur Berserker on Aug 25, 2019.
             Was the Champion of Trog.
             Killed from afar by a deep elf annihilator (42 damage)
             ... with an iron shot
             ... on level 12 of the Dungeon.
             The game lasted 01:27:07 (21387 turns).

Dexcius the Severer (Minotaur Berserker)           Turns: 21387, Time: 01:27:09

Health: -38/198    AC: 25    Str: 31    XL:     14   Next: 92%
Magic:  22/22      EV: 10    Int:  4    God:    Trog [******]
Gold:   2265       SH: 19    Dex: 13    Spells: 13/13 levels left

rFire    x . .     SeeInvis +   i - +8 war axe of the Disturbing Dreams {holy, rF- rN+ MP+9 Dex+2}
rCold    . . .     Gourm    .   n - +0 shield
rNeg     + . .     Faith    .   x - +3 plate armour
rPois    .         Spirit   .   y - +2 hat {SInv}
rElec    .         Reflect  .   t - +2 cloak
rCorr    .         Harm     .   (no gloves)
MR       +++..                  u - +0 pair of boots
Stlth    ..........             (no amulet)
HPRegen  0.43/turn              h - ring of protection from magic
MPRegen  0.18/turn              k - ring of protection from magic

@: berserking, very slightly contaminated, very quick
A: retaliatory headbutt, hooves 1, horns 2, large bone plates 1
a: Berserk, Trog's Hand, Brothers in Arms, Renounce Religion


You were on level 12 of the Dungeon.
You worshipped Trog.
Trog was exalted by your worship.
You were not hungry.

You visited 3 branches of the dungeon, and saw 20 of its levels.
You also visited: Ossuary.

You collected 2265 gold pieces.

Inventory:

Hand Weapons
 e - a +2 antimagic eveningstar
 i - the +8 war axe of the Disturbing Dreams (weapon) {holy, rF- rN+ MP+9 Dex+2}
   (You found it on level 1 of the Lair of Beasts)

   It has been blessed by the Shining One to cause great damage to the undead
   and demons.
   It affects your dexterity (+2).
   It makes you vulnerable to fire.
   It protects you from negative energy.
   It affects your magic capacity (+9).
Armour
 l - +0 acid dragon scales
 n - a +0 shield (worn)
 t - a +2 cloak (worn)
 u - a +0 pair of boots (worn)
 x - a +3 plate armour (worn)
 y - a +2 hat of see invisible (worn)
Jewellery
 h - a ring of protection from magic (left hand)
 k - a ring of protection from magic (right hand)
 o - an uncursed ring of poison resistance
Scrolls
 f - 13 scrolls of remove curse
 g - a scroll of fog
 j - 3 scrolls of identify
 m - 8 scrolls of teleportation
 r - 2 scrolls of fear
 v - 3 scrolls of blinking
Potions
 a - 4 potions of flight
 b - a potion of resistance
 d - 3 potions of magic
 q - 5 potions of curing
 A - a potion of heal wounds
 C - a potion of haste
Comestibles
 c - 21 rations


   Skills:
 + Level 14.0 Fighting
 + Level 18.4(18.5) Axes
 + Level 4.4(13.1) Maces & Flails
 + Level 12.0 Armour
 + Level 4.5 Dodging
 + Level 1.4 Stealth
 + Level 15.6 Shields


You had 13 spell levels left.
You didn't know any spells.
Your spell library was empty.

Dungeon Overview and Level Annotations

Branches:
Dungeon (12/15)            Temple (0/1) D:4            Lair (6/6) D:11
  Swamp (0/4) Lair:3        Snake (0/4) Lair:2        Slime (0/5) Lair:5
    Orc (2/2) D:10            Elf (0/3) Orc:2

Altars:
Ashenzari
Cheibriados
Dithmenos
Makhleb
Okawaru
Zin
Beogh
Jiyva

Shops:
Orc:2 :!=*

Annotations:
D:12 2 runed translucent doors


Innate Abilities, Weirdness & Mutations

You reflexively headbutt those who attack you in melee.
You have a pair of horns on your head.
You have large cloven feet.
You are partially covered in large bone plates. (SH +4)


Message History

The deep elf annihilator blinks!
You barely miss the ice beast.
The cyclops throws a large rock.
You block the large rock.
You slice the ice beast!! Your headbutt misses the ice beast.
The ice beast is severely wounded.
You block the ice beast's attack.
You barely miss the ice beast.
The ice beast is severely wounded.
You cut the ice beast into ribbons!!!
You feel the power of Trog in you as your rage grows.
You kill the ice beast!
Trog accepts your kill.
You slash the worker ant! You block the worker ant's attack.
You slash the worker ant!
You feel the power of Trog in you as your rage grows.
You kill the worker ant!
Trog accepts your kill.
The deep elf annihilator casts a spell at you.
The iron shot hits you!!!
You die...

#..# #.(.........#.##. #..#
#.........#...... # #..#.
#...........#.##..# #
#.###....#..#Y....##... ###
#.......#.....#........ ###..
#....#†..#..#T..#......###...#
#...#...#.....#...#..###...###
#....#...#.e#..C#..###...#####
##.#..))#....@#..###..........
#..#.#.##.([#..#.[###...###......
...##.##.##.....###...### #......
#..#.#..#..#..###...### #......
#..#..##.#.####...### #####..
#..###.#..###....## ##..#
#..#....###...##.###### ####..##
#..#.####...###......>####.......
#...###....##.#.........##.†.....


You could see a deep elf annihilator, a cyclops, a troll and an ice beast.

Vanquished Creatures
  Gastronok (D:8)
  Nessos (D:12)
  An ettin (D:12)
  4 hydras
  Harold (D:7)
  A catoblepas (Lair:3)
  A death knight (D:12)
  Erica (D:8)
  10 two-headed ogres
  2 ogre magi (Orc:2)
  Sonja (D:11)
  An unseen horror (D:12)
  An iron troll (Orc:2)
  A deep troll (Orc:2)
  A lindwurm (Lair:6)
  The ghost of kalagan the Thaumaturge, a novice DESu of Sif Muna (Lair:1)
  3 ugly things
  7 cyclopes
  2 manticores (D:11)
  2 oklob plants (Lair:4)
  16 elephants
  7 black mambas
  5 spiny frogs
  A centaur skeleton (D:11)
  A freezing wraith (D:12)
  3 komodo dragons
  3 hornets
  4 polar bears (Lair:6)
  11 trolls
  10 hippogriffs
  10 dream sheep (Lair:6)
  A blink frog (shapeshifter) (D:12)
  4 blink frogs (Lair:5)
  15 spriggans (Lair:6)
  5 wyverns
  31 yaks
  A vampire (D:12)
  A basilisk (Lair:4)
  3 hungry ghosts
  4 wargs
  4 nagas (Lair:2)
  15 water moccasins
  An acid dragon (D:12)
  11 orc warriors
  7 porcupines
  6 black bears
  3 ice beasts
  3 sky beasts
  2 necrophages
  25 ogres
  8 phantoms
  5 boggarts (Lair:6)
  31 wolves
  11 centaurs
  11 crocodiles
  2 big kobolds
  13 bullfrogs
  A gnoll sergeant (D:11)
  4 water moccasin zombies (Ossuary)
  A wyvern skeleton (D:10)
  5 scorpions
  16 killer bees
  4 wights
  3 howler monkeys
  11 electric eels
  10 crimson imps
  3 centaur zombies
  A quasit (D:12)
  3 bullfrog skeletons
  2 hounds
  6 jellies
  19 orc wizards
  12 orc priests
  3 iguanas
  Terence (D:2)
  A killer bee zombie (D:9)
  15 worker ants
  A big kobold zombie (Ossuary)
  2 mummies (Ossuary)
  A howler monkey zombie (D:9)
  A worker ant zombie (D:5)
  A howler monkey skeleton (D:10)
  17 adders
  7 gnolls
  A shadow imp (D:9)
  An ooze (Lair:5)
  7 adder zombies
  2 adder skeletons
  A worm (D:4)
  A dart slug (D:4)
  6 leopard geckos
  56 orcs
  6 giant cockroaches
  A gnoll zombie (Ossuary)
  2 goblins (D:2)
  7 hobgoblins
  6 jackals
  3 quokkas
  5 bats
  3 frilled lizards
  4 hobgoblin zombies (Ossuary)
  14 kobolds
  11 kobold zombies (Ossuary)
  A leopard gecko skeleton (D:7)
  6 orc zombies (Ossuary)
  5 rats
  6 fungi
  6 plants
649 creatures vanquished.

Vanquished Creatures (others)
  2 fungi (Lair:5)
  A plant (D:9)
  A withered plant (Lair:1)
4 creatures vanquished.

Grand Total: 653 creatures vanquished

Notes
Turn   | Place    | Note
-------+----------+-------------------------------------------
     0 | D:1      | Dexcius the Minotaur Berserker began the quest for the Orb.
     0 | D:1      | Reached XP level 1. HP: 19/19 MP: 0/0
   126 | D:1      | Reached skill level 4 in Axes
   669 | D:2      | Noticed Terence
   672 | D:2      | Reached XP level 2. HP: 27/27 MP: 1/1
   676 | D:2      | Killed Terence
   676 | D:2      | Reached XP level 3. HP: 33/33 MP: 2/2
   852 | D:2      | Found a burning altar of Makhleb.
   862 | D:2      | Reached skill level 5 in Axes
   862 | D:2      | Reached XP level 4. HP: 41/41 MP: 3/3
   933 | D:2      | Reached ** piety under Trog
  1103 | D:2      | Noticed an ice beast
  1114 | D:2      | Killed an ice beast
  1114 | D:2      | Reached skill level 5 in Fighting
  1114 | D:2      | Reached XP level 5. HP: 18/48 MP: 4/4
  1454 | D:2      | Found a glowing silver altar of Zin.
  1670 | D:3      | Reached skill level 1 in Shields
  2021 | D:3      | Reached skill level 6 in Axes
  2166 | D:4      | Reached XP level 6. HP: 45/56 MP: 5/5
  2276 | D:4      | Found a staircase to the Ecumenical Temple.
  2406 | D:4      | Found a sand-covered staircase.
  2415 | Ossuary  | Entered an ossuary
  2437 | Ossuary  | Reached *** piety under Trog
  2446 | Ossuary  | Reached skill level 7 in Axes
  2446 | Ossuary  | Reached XP level 7. HP: 59/61 MP: 6/6
  2545 | Ossuary  | Reached skill level 8 in Axes
  2611 | Ossuary  | Gained mutation: You have large cloven feet. [potion of
                  | mutation]
  2611 | Ossuary  | Gained mutation: You are partially covered in large bone
                  | plates. (SH +4) [potion of mutation]
  2847 | D:4      | Reached **** piety under Trog
  3025 | D:5      | Entered Level 5 of the Dungeon
  3097 | D:5      | Reached XP level 8. HP: 70/70 MP: 7/7
  3102 | D:5      | Reached skill level 9 in Axes
  3122 | D:5      | Received a gift from Trog
  3879 | D:6      | Found an iron altar of Okawaru.
  4012 | D:6      | Reached skill level 5 in Shields
  4114 | D:6      | Reached skill level 10 in Axes
  4788 | D:7      | Reached skill level 5 in Armour
  4788 | D:7      | Reached XP level 9. HP: 54/78 MP: 8/8
  5243 | D:7      | Noticed Harold
  5255 | D:7      | Killed Harold
  5255 | D:7      | Reached skill level 11 in Axes
  5817 | D:8      | Noticed Erica
  5836 | D:8      | Killed Erica
  5836 | D:8      | Reached skill level 12 in Axes
  5836 | D:8      | Reached XP level 10. HP: 34/88 MP: 9/9
  7082 | D:8      | Noticed Gastronok
  7098 | D:8      | Killed Gastronok
  7098 | D:8      | Reached ***** piety under Trog
  7098 | D:8      | Reached skill level 13 in Axes
  7325 | D:9      | Found a shadowy altar of Dithmenos.
  7624 | D:9      | Reached skill level 14 in Axes
  8458 | D:9      | Reached XP level 11. HP: 62/95 MP: 10/10
  9429 | D:10     | Entered Level 10 of the Dungeon
  9429 | D:10     | Found a staircase to the Orcish Mines.
  9477 | D:10     | Received a gift from Trog
  9504 | D:10     | Got a crude demon whip {god gift}
  9508 | D:10     | Identified the +7 demon whip of Trog's Pride {drain, Dex+7
                  | Stlth+} (Trog gifted it to you on level 10 of the Dungeon)
  9790 | D:10     | Noticed a two-headed ogre
  9799 | D:10     | Killed a two-headed ogre
 10325 | D:10     | Found a snail-covered altar of Cheibriados.
 10434 | D:11     | You fall through a shaft!
 10442 | D:12     | Found a runed translucent door.
 10442 | D:12     | Found a runed translucent door.
 10442 | D:12     | Noticed a death knight
 10442 | D:12     | Noticed a deep elf annihilator
 10580 | D:12     | Reached skill level 15 in Axes
 10701 | D:12     | Noticed a brown ugly thing
 10701 | D:12     | Noticed an ettin
 10751 | D:11     | Reached skill level 10 in Shields
 10887 | D:11     | Noticed a two-headed ogre
 10894 | D:11     | Killed a two-headed ogre
 11150 | D:11     | Found a staircase to the Lair.
 11164 | D:11     | Reached skill level 10 in Fighting
 11361 | Lair:1   | Entered Level 1 of the Lair of Beasts
 11784 | Lair:1   | Found a shattered altar of Ashenzari.
 11810 | Lair:1   | Reached XP level 12. HP: 54/107 MP: 11/11
 12494 | Lair:1   | Found a runed translucent door.
 12494 | Lair:1   | Noticed kalagan's ghost (novice DESu)
 12505 | Lair:1   | Killed kalagan's ghost
 12510 | Lair:1   | Got a fine war axe
 12511 | Lair:1   | Identified the +8 war axe of the Disturbing Dreams {holy,
                  | rF- rN+ MP+9 Dex+2} (You found it on level 1 of the Lair of
                  | Beasts)
 12982 | Lair:2   | Found a staircase to the Snake Pit.
 13071 | Lair:2   | Received a gift from Trog
 13077 | Lair:2   | Got a scorched broad axe {god gift}
 13078 | Lair:2   | Identified the +1 broad axe of Atheism {chop, rC+ Stlth+}
                  | (Trog gifted it to you on level 2 of the Lair of Beasts)
 13141 | Lair:2   | Reached skill level 1 in Maces & Flails
 13184 | Lair:2   | Reached skill level 1 in Stealth
 13365 | Lair:2   | Reached skill level 16 in Axes
 13855 | Lair:3   | Noticed a catoblepas
 13866 | Lair:3   | Killed a catoblepas
 14144 | Lair:3   | Found a staircase to the Swamp.
 14207 | Lair:4   | Noticed a six-headed hydra
 14218 | Lair:4   | Killed a six-headed hydra
 14890 | Lair:4   | Reached skill level 10 in Armour
 14932 | Lair:4   | Noticed an eight-headed hydra
 14944 | Lair:4   | Killed an eight-headed hydra
 14944 | Lair:4   | Reached XP level 13. HP: 71/116 MP: 12/12
 15099 | Lair:4   | You fall through a shaft!
 15315 | Lair:5   | Found a runed translucent door.
 15316 | Lair:5   | Found a viscous altar of Jiyva.
 15318 | Lair:5   | Found a staircase to the Slime Pits.
 15610 | Lair:5   | Received a gift from Trog
 16147 | Lair:5   | Reached skill level 17 in Axes
 16422 | Lair:6   | Entered Level 6 of the Lair of Beasts
 17148 | Lair:6   | Received a gift from Trog
 17423 | Lair:6   | Reached XP level 14. HP: 87/127 MP: 13/13
 18403 | D:11     | Noticed Sonja
 18414 | D:11     | Killed Sonja
 19454 | Orc:1    | Entered Level 1 of the Orcish Mines
 19848 | Orc:2    | Entered Level 2 of the Orcish Mines
 20034 | Orc:2    | Found a roughly hewn altar of Beogh.
 20115 | Orc:2    | Reached ****** piety under Trog
 20119 | Orc:2    | Received a gift from Trog
 20123 | Orc:2    | Reached skill level 18 in Axes
 20126 | Orc:2    | Reached skill level 15 in Shields
 20477 | Orc:2    | Found a staircase to the Elven Halls.
 20517 | Orc:2    | Found Dussuq's Distillery.
 20520 | Orc:2    | Found Puorph's Book Emporium.
 20521 | Orc:2    | Found Qigaot's Jewellery Boutique.
 20532 | Orc:2    | Found Konempie's Assorted Antiques.
 21217 | D:12     | Noticed Nessos
 21226 | D:12     | Killed Nessos
 21314 | D:12     | Found a runed translucent door.
 21380 | D:12     | HP: 3/198 [cyclops/large rock (15)]
 21387 | D:12     | Killed from afar by a deep elf annihilator

Skill      XL: |  1  2  3  4  5  6  7  8  9 10 11 12 13 14 |
---------------+-------------------------------------------+-----
Axes           | 4 5 6 7 8 10 12 14 15 16 17 18 | 18.4
Fighting       | 4 5 6 7 8 10 11 12 14 | 14.0
Armour         | 3 4 5 6 7 8 10 11 12 | 12.0
Shields        | 1 2 3 6 7 9 10 12 14 15 | 15.6
Dodging        | 3 4 |  4.5
Maces & Flails | 2 4 |  4.4
Stealth        | 1 |  1.4

Action                   |  1- 3 |  4- 6 |  7- 9 | 10-12 | 13-15 || total
-------------------------+-------+-------+-------+-------+-------++-------
Melee: Hand axe          |    55 |    39 |       |       |       ||    94
       Headbutt          |     5 |    15 |    55 |   177 |   192 ||   444
       War axe           |       |    75 |   308 |   758 |   728 ||  1869
       Kick              |       |       |    65 |     4 |       ||    69
       Morningstar       |       |       |       |    25 |    14 ||    39
Invok: Berserk           |     1 |     1 |     5 |     1 |     3 ||    11
  Use: Potion            |       |     5 |     8 |     1 |     2 ||    16
       Scroll            |       |     3 |    11 |     9 |    11 ||    34
  Eat: Ration            |     1 |     1 |     5 |    12 |     6 ||    25
Armor: Animal skin       |     3 |       |       |       |       ||     3
       Scale mail        |    13 |    65 |    43 |       |       ||   121
       Plate armour      |       |       |    49 |   255 |   229 ||   533
Dodge: Dodged            |    23 |    40 |    56 |   137 |   150 ||   406
Block: Shield            |    13 |    57 |   189 |   467 |   532 ||  1258
